 Dungeon Crawl Stone Soup version 0.31.0-9-g3a7656b989 (webtiles) character file.

Game seed: 4859316790067585195

13626 Killerpretzel the Geomancer (level 12, -3/59 HPs)
             Began as a Gargoyle Earth Elementalist on Jan 26, 2024.
             Was a Priest of Vehumet.
             Slain by a freezing wraith (21 damage)
             ... on level 12 of the Dungeon.
             The game lasted 00:58:39 (11550 turns).

Killerpretzel the Geomancer (GrEE)                 Turns: 11550, Time: 00:58:40

Health: -3/59      AC: 17    Str: 13    XL:     12   Next: 8%
Magic:  18/26      EV: 17    Int: 20    God:    Vehumet [***...]
Gold:   803        SH:  0    Dex: 10    Spells: 28/32 levels left

rFire   + + .        b - staff of earth
rCold   . . .        (no shield)
rNeg    + . .        a - +0 robe
rPois   ∞            j - +2 helmet of the Sailor {rElec rF+}
rElec   +            l - +2 cloak
rCorr   .            t - +0 pair of gloves
SInv    .            (no boots)
Will    .....        d - amulet of regeneration
Stlth   ++           g - ring of protection from fire
HPRegen 1.09/turn    h - +5 ring of evasion
MPRegen 0.20/turn

%: no passive effects
@: slowed, very slow
A: sickness immunity, AC +8, negative energy resistance 1, electricity
resistance, torment resistance 1, petrification resistance
a: Renounce Religion


You were on level 12 of the Dungeon.
You worshipped Vehumet.
Vehumet was most pleased with you.
You visited 2 branches of the dungeon, and saw 13 of its levels.

You collected 881 gold pieces.
You spent 78 gold pieces at shops.

Inventory:

Hand Weapons
 f - a +0 dagger
 o - a +1 falchion of venom
 u - a +2 halberd of venom
 y - a +3 vampiric falchion
 G - the +6 battleaxe "Genoloma" {antimagic, *Noise +Blink Will++ Int-5}
   (You took it off an orc on level 8 of the Dungeon)

   Int-5:     It affects your intelligence (-5).
   Will++:    It greatly increases your willpower.
   +Blink:    It lets you blink.
   *Noise:    It may make a loud noise when swung.
Armour
 a - a +0 robe (worn)
 j - the +2 helmet of the Sailor (worn) {rElec rF+}
   (You acquired it on level 3 of the Dungeon)

   rF+:       It protects you from fire.
   rElec:     It insulates you from electricity.
 l - a +2 cloak (worn)
 t - a +0 pair of gloves (worn)
Magical Staves
 b - a staff of earth (weapon)
Jewellery
 d - an amulet of regeneration (around neck)
 g - a ring of protection from fire (left hand)
 h - a +5 ring of evasion (right hand)
 H - an amulet of guardian spirit
 Q - a ring of wizardry
Wands
 r - a wand of mindburst (14)
 s - a wand of paralysis (2)
 v - a wand of quicksilver (7)
 D - a wand of polymorph (23)
 I - a wand of roots (14)
 K - a wand of flame (11)
 O - a wand of digging (11)
Scrolls
 c - 11 scrolls of teleportation
 n - 2 scrolls of enchant weapon
 p - 2 scrolls of immolation
 q - 4 scrolls of vulnerability
 A - 9 scrolls of identify
 B - a scroll of butterflies
 J - a scroll of amnesia {unknown}
 L - a scroll of noise {unknown}
 P - a scroll of blinking {unknown}
 R - a scroll of poison
 S - a scroll of fog {unknown}
 U - a scroll of fear {unknown}
Potions
 e - 9 potions of curing
 i - 3 potions of resistance
 k - 3 potions of lignification
 m - a potion of attraction
 w - 2 potions of mutation {unknown}
 x - a potion of heal wounds
 z - 3 potions of brilliance {unknown}
 C - a potion of magic
 E - a potion of invisibility {unknown}
 F - 2 potions of enlightenment {unknown}
 M - a potion of ambrosia {unknown}
 N - a potion of might {unknown}
 T - a potion of berserk rage {unknown}


   Skills:
 - Level 1.7 Dodging
 - Level 2.4 Stealth
 * Level 10.5 Spellcasting
 * Level 12.0 Conjurations
 * Level 13.5 Earth Magic


You had 28 spell levels left.
You knew the following spells:

 Your Spells              Type           Power      Damage    Failure   Level
a - Sandblast             Erth           100%       2d20      1%          1
b - Passwall              Erth           77%        N/A       1%          3

Your spell library contained the following spells:

 Spells                   Type           Power      Damage    Failure   Level
 Dazzling Flash           Conj/Hex       68%        N/A       1%          3
 Freeze                   Ice            40%        1d6       1%          1
 Hailstorm                Conj/Ice       34%        3d8       1%          3
 Stone Arrow              Conj/Erth      100%       3d13      1%          3
 Brom's Barrelling Bould  Conj/Erth      75%        2d9       1%          4
 Petrify                  Alch/Erth      54%        N/A       4%          4
 Irradiate                Conj/Alch      17%        3d17      4%          5
 Frozen Ramparts          Ice            20%        1d4       5%          3
 Inner Flame              Hex/Fire       10%        N/A       5%          3
 Apportation              Tloc           20%        N/A       7%          1
 Necrotise                Necr           40%        1d6       7%          1
 Slow                     Hex            40%        N/A       7%          1
 Ensorcelled Hibernation  Hex/Ice        20%        N/A       10%         2
 Jinxbite                 Hex            20%        N/A       10%         2
 Confusing Touch          Hex            10%        N/A       21%         3
 Fugue of the Fallen      Necr           10%        N/A       21%         3
 Sigil of Binding         Hex            10%        N/A       21%         3
 Vampiric Draining        Necr           10%        2d6       21%         3
 Yara's Violent Unravell  Hex/Alch       5%         3d4       41%         5
 Anguish                  Hex/Necr       5%         N/A       54%         4
 Martyr's Knell           Necr/Summ      10%        N/A       54%         4
 Alistair's Intoxication  Alch           6%         N/A       88%         5
 Curse of Agony           Necr           10%        N/A       88%         5
 Enfeeble                 Hex            5%         N/A       100%        7
 Ignition                 Fire           5%         3d4       100%        8


Dungeon Overview and Level Annotations

Branches:
Dungeon (12/15)            Temple (1/1) D:7            Lair (0/5) D:9
    Orc (0/2) D:10

Altars:
Ashenzari
Cheibriados
Dithmenos
Elyvilon
Fedhas
Gozag
Hepliaklqana
Kikubaaqudgha
Makhleb
Nemelex Xobeh
Okawaru
Qazlal
Ru
Sif Muna
Trog
Uskayaw
Vehumet
Wu Jian
Xom
Yredelemnul
Zin
The Shining One

Shops:
D:2 (

Annotations:
D:4 exclusion: 2 downstairs
D:6 exclusion: downstairs
D:7 exclusion: 2 downstairs
D:8 Jeremiah, Maggie
D:11 exclusion: downstairs


Innate Abilities, Weirdness & Mutations

You are immune to sickness and miasma.
Your stone body is resilient. (AC +8)
You are immune to poison.
You resist negative energy. (rN+)
You are resistant to electric shocks. (rElec)
You are resistant to unholy torment.
You are immune to petrification.


Message History

A freezing wraith is nearby!
Casting: Sandblast (safe; 1% risk of failure)
Confirm with . or Enter, or press ? or * to list all spells.
Aiming: Sandblast (safe; 1% risk of failure)
Press: ? - help, Shift-Dir - straight line, f/p - freezing wraith
Aim: a freezing wraith (lightly damaged, 85% to hit)
You feel a surge of power!
The blast of sand misses the freezing wraith.
The freezing wraith closely misses you. x2
A freezing wraith is nearby!
Casting: Sandblast (safe; 1% risk of failure)
Confirm with . or Enter, or press ? or * to list all spells.
Aiming: Sandblast (safe; 1% risk of failure)
Press: ? - help, Shift-Dir - straight line, f/p - freezing wraith
Aim: a freezing wraith (lightly damaged, 85% to hit)
You feel a surge of power!
The blast of sand hits the freezing wraith but does no damage.
The freezing wraith is lightly damaged.
The freezing wraith hits you but does no damage.
The freezing wraith hits you. The freezing wraith drains your vigour!
You feel yourself slow down.
The freezing wraith hits you but does no damage.
The freezing wraith closely misses you.
A freezing wraith is nearby!
Casting: Sandblast (safe; 1% risk of failure)
Confirm with . or Enter, or press ? or * to list all spells.
Aiming: Sandblast (safe; 1% risk of failure)
Press: ? - help, Shift-Dir - straight line, f/p - freezing wraith
Aim: a freezing wraith (lightly damaged, 85% to hit)
You feel a surge of power!
The blast of sand hits the freezing wraith but does no damage.
The freezing wraith is lightly damaged.
The freezing wraith hits you. The freezing wraith freezes you!!
* * * LOW HITPOINT WARNING * * *
The freezing wraith barely misses you. The freezing wraith closely misses you.
The freezing wraith hits you but does no damage.
A freezing wraith is nearby!
You feel much better. The freezing wraith hits you.
The freezing wraith freezes you!!
You die...

......+ ......# ..... ......#
.... ......# ... ......# ...
......# #.# ......# #.# ......#
####W# ####..## ##...@#
#####..### #..####
#........###.##
+.....>...##'####### #######+##
#..................#####.........
#........#.........##..'.........
#........##........'..##.........
#........##........#####.........
#........########### ##'#######


You could see a freezing wraith.

Vanquished Creatures
  4 two-headed ogres
  A deep elf pyromancer (D:12)
  A manticore (D:11)
  An ugly thing (D:12)
  Maurice (D:9)
  2 unseen horrors (D:11)
  Psyche (D:8)
  A shadow (D:10)
  Eustachio (D:6)
  15 yaks
  A wyvern (D:9)
  A wraith (D:12)
  A two-headed ogre zombie (D:10)
  2 acid dragons (D:12)
  3 water moccasins (D:7)
  8 orc warriors
  A black bear (D:7)
  2 sky beasts (D:8)
  3 ice beasts
  4 ogres
  A boggart (D:9)
  9 centaurs
  5 kobold brigands
  4 phantoms
  2 gnoll sergeants
  2 bullfrogs
  A scorpion (D:5)
  5 wights (D:7)
  A jelly (D:7)
  9 killer bees
  A howler monkey (D:5)
  2 bombardier beetles (D:5)
  4 hounds
  5 orc priests
  2 sleepcaps
  10 iguanas
  12 orc wizards
  7 ogre zombies (D:10)
  13 adders
  10 gnolls
  A shadow imp (D:6)
  A white imp (D:5)
  An ufetubus (D:5)
  4 ribbon worms
  3 dart slugs
  45 orcs
  12 ball pythons
  7 endoplasms
  4 giant cockroaches
  3 gnoll zombies (D:10)
  5 hobgoblins
  2 jackals (D:4)
  4 quokkas
  2 bats
  2 frilled lizards (D:1)
  7 gnoll skeletons (D:10)
  6 goblins
  32 kobolds
  4 orc skeletons (D:10)
  11 orc zombies (D:10)
  10 rats
325 creatures vanquished.

Notes
Turn   | Place    | Note
-------+----------+-------------------------------------------
     0 | D:1      | Killerpretzel the Gargoyle Earth Elementalist began the
                  | quest for the Orb.
     0 | D:1      | Reached XP level 1. HP: 10/10 MP: 3/3
   323 | D:1      | Reached XP level 2. HP: 15/15 MP: 1/5
   630 | D:1      | Reached skill level 4 in Earth Magic
   889 | D:1      | Reached XP level 3. HP: 19/19 MP: 3/6
  1180 | D:2      | Reached XP level 4. HP: 24/24 MP: 2/8
  1255 | D:2      | Found a burning altar of Makhleb.
  1452 | D:2      | Reached XP level 5. HP: 28/28 MP: 5/9
  1665 | D:2      | Found Piserph's Weapon Emporium.
  1699 | D:2      | Bought a +0 falchion of protection for 78 gold pieces
  2022 | D:3      | You fall into a shaft and drop 1 floor!
  2079 | D:3      | Reached skill level 5 in Earth Magic
  2229 | D:3      | Found a stormy altar of Qazlal.
  2432 | D:3      | Identified a scroll of acquirement
  2432 | D:3      | Acquired the +2 helmet of the Sailor {rElec rF+}
  2784 | D:4      | Reached XP level 6. HP: 32/32 MP: 4/11
  4055 | D:5      | Entered Level 5 of the Dungeon
  4158 | D:5      | Noticed an ice beast
  4346 | D:5      | Noticed a +0 dagger
  4347 | D:5      | Noticed a +0 hand axe
  4375 | D:5      | Reached XP level 7. HP: 36/36 MP: 8/13
  4445 | D:5      | Found a hide-covered altar of Uskayaw.
  4454 | D:5      | Reached skill level 6 in Earth Magic
  4604 | D:5      | Reached skill level 5 in Conjurations
  4838 | D:5      | Reached skill level 5 in Spellcasting
  4838 | D:5      | Reached skill level 7 in Earth Magic
  4838 | D:5      | Reached XP level 8. HP: 41/41 MP: 10/15
  5432 | D:6      | Reached skill level 8 in Earth Magic
  5546 | D:6      | Reached XP level 9. HP: 45/45 MP: 11/18
  5859 | D:6      | Noticed Eustachio
  5898 | D:6      | Killed Eustachio
  6015 | D:6      | Reached skill level 9 in Earth Magic
  6792 | D:8      | Noticed Jeremiah
  6800 | D:7      | Reached skill level 10 in Earth Magic
  6908 | D:7      | Reached XP level 10. HP: 49/50 MP: 12/21
  7026 | D:7      | Found a staircase to the Ecumenical Temple.
  7035 | Temple   | Entered the Ecumenical Temple
  7045 | Temple   | Became a worshipper of Vehumet
  7279 | D:7      | Found an iron altar of Okawaru.
  7428 | D:8      | Noticed Psyche
  7607 | D:8      | Killed Psyche
  7710 | D:8      | Reached skill level 11 in Earth Magic
  7715 | D:8      | Reached * piety under Vehumet
  7715 | D:8      | Offered knowledge of Magic Dart by Vehumet.
  7826 | D:8      | Found a hazy altar of Hepliaklqana.
  7927 | D:8      | Identified the +6 battleaxe "Genoloma" {antimagic, *Noise
                  | +Blink Will++ Int-5}
  7959 | D:8      | Found an ornate altar of the Wu Jian Council.
  7960 | D:8      | Found a broken altar of Ashenzari.
  8005 | D:8      | Found a basalt altar of Yredelemnul.
  8017 | D:8      | Found a snail-covered altar of Cheibriados.
  8041 | D:8      | Noticed Maggie
  8395 | D:9      | Reached skill level 10 in Conjurations
  8479 | D:9      | Noticed Maurice
  8530 | D:9      | Offered knowledge of Shock by Vehumet.
  8556 | D:9      | Reached ** piety under Vehumet
  8662 | D:9      | Reached XP level 11. HP: 24/54 MP: 18/24
  8854 | D:9      | Killed Maurice
  8855 | D:9      | Reached skill level 12 in Earth Magic
  9067 | D:9      | Found a staircase to the Lair.
  9237 | D:10     | Entered Level 10 of the Dungeon
  9333 | D:10     | Noticed a two-headed ogre
  9388 | D:10     | Killed a two-headed ogre
  9523 | D:10     | Found a staircase to the Orcish Mines.
  9530 | D:10     | Offered knowledge of Scorch by Vehumet.
  9550 | D:10     | Reached *** piety under Vehumet
  9896 | D:10     | Offered knowledge of Dazzling Flash by Vehumet.
 10299 | D:11     | Noticed a manticore
 10386 | D:11     | Noticed a two-headed ogre
 10394 | D:11     | Killed a two-headed ogre
 10395 | D:11     | Reached skill level 10 in Spellcasting
 10537 | D:11     | Found a gate leading to a gauntlet.
 10938 | D:11     | Killed a manticore
 10939 | D:11     | Reached skill level 13 in Earth Magic
 10969 | D:11     | Learned a level 3 spell: Passwall
 11109 | D:12     | Noticed a deep elf pyromancer
 11151 | D:12     | Killed a deep elf pyromancer
 11302 | D:12     | Noticed a two-headed ogre
 11307 | D:12     | Killed a two-headed ogre
 11400 | D:12     | Noticed a two-headed ogre
 11414 | D:12     | Killed a two-headed ogre
 11415 | D:12     | Reached XP level 12. HP: 58/59 MP: 19/26
 11550 | D:12     | Slain by a freezing wraith

Illustrated notes

Levels and vault maps discovered:
D:1:      dpeg_arrival_central, layout_basic, minmay_crystal_water, minivault_5
D:2:      layout_basic, serial_shops, nicolae_shop_stone, basic_altar,
          kennysheep_generic_room_12
D:3:      layout_rooms, mainiacjoe_overflow_chevrons
D:4:      layout_layer_cave, grunt_ministairs_15,
          minmay_a_box_with_orc_wizards_in_it
D:5:      minmay_clustersquares, layout_rooms, dancing_weapons_uskayaw,
          mainiacjoe_sewer_entry_somewhere_in_here_1
D:6:      layout_gridville, corexii_shack, minmay_fractal_squares_diagonal_5,
          uniq_eustachio
D:7:      layout_basic, mainiacjoe_overflow_six_doors_small, temple_pool_b
D:8:      layout_gridville, nicolae_hepliaklqana_hippocampus,
          grunt_temple_overflow_open, uniq_maggie, uniq_psyche, uniq_jeremiah
D:9:      layout_basic, lair_entry_dummy, minmay_chambers_of_fives, uniq_maurice
D:10:     layout_gridville, zombieorc2_lemuel
D:11:     layout_irregular_city, gauntlet_entry_generic, serial_glass,
          glass_columns_b, glass_columns_c, glass_columns_a, glass_columns_a,
          glass_columns_c, glass_columns_b, glass_columns_a, glass_columns_c,
          due_unseen_surprise, item_on_display_a
D:12:     layout_roguey
Temple:   nicolae_temple_great_sept

Skill      XL: |  1  2  3  4  5  6  7  8  9 10 11 |
---------------+----------------------------------+-----
Earth Magic    | 4 5 7 8 10 11 13 | 13.5
Conjurations   | 2 3 4 5 6 8 10 12 | 12.0
Spellcasting   | 3 4 5 6 7 9 10 | 10.5
Dodging        | |  1.7
Stealth        | |  2.4

Action                     |  1- 3 |  4- 6 |  7- 9 | 10-12 || total
---------------------------+-------+-------+-------+-------++-------
  Melee: Dagger            |    39 |       |       |       ||    39
         Falchion          |       |     2 |       |       ||     2
         Staff             |       |       |     1 |     3 ||     4
   Cast: Sandblast         |    41 |   121 |   213 |   318 ||   693
         Passwall          |       |       |       |     4 ||     4
    Use: Scroll            |       |    11 |     3 |       ||    14
         Potion            |       |       |     2 |     1 ||     3
 Armour: Robe              |    28 |    30 |    89 |   195 ||   342
  Dodge: Dodged            |    53 |    67 |   187 |   249 ||   556
